 Dungeon Crawl Stone Soup version bcrawl-1.14.1-2-g116eac945c (webtiles) character file.

Game seed: 803539442089716316

312 KristoblXynda the Ducker (level 6, -2/45 HPs)
             Began as an Oni Conjurer on Sept 18, 2019.
             Slain by an ogre
             ... wielding a +0 giant club
              (16 damage)
             ... on level 5 of the Dungeon.
             The game lasted 00:10:01 (4503 turns).

KristoblXynda the Ducker (Oni Conjurer)             Turns: 4503, Time: 00:10:02

Health: -2/45      AC:  2    Str: 11    XL:     6   Next: 42%
Magic:  4/12       EV: 13    Int: 19    God:
Gold:   187        SH:  0    Dex: 11    Spells: 7/10 levels left

rFire    . . .     SeeInvis .   e - +0 whip
rCold    . . .     Gourm    .   (no shield)
rNeg     . . .     Faith    .   a - +0 animal skin
rPois    .         Spirit   .   (helmet restricted)
rElec    .         Reflect  .   (no cloak)
rCorr    +         Harm     .   (no gloves)
MR       .....                  (no boots)
Stlth    ++........             (no amulet)
HPRegen  0.15/turn              q - ring of resist corrosion
MPRegen  0.13/turn              (no ring)

@: about to teleport
A: oni magic, claws 1, fangs 1, horns 1
a: no special abilities


You were on level 5 of the Dungeon.
You were not hungry.

You visited 1 branch of the dungeon, and saw 5 of its levels.

You collected 187 gold pieces.

Inventory:

Hand Weapons
 e - a +0 whip (weapon)
Armour
 a - a +0 animal skin (worn)
 s - a +0 ring mail
Jewellery
 q - a ring of resist corrosion (left claw)
Scrolls
 d - a scroll of teleportation
 h - a scroll of immolation
 j - a scroll of remove curse {unknown}
 l - a scroll of enchant armour {unknown}
 n - a scroll of enchant weapon {unknown}
 p - a scroll of fog {unknown}
 r - a scroll of amnesia {unknown}
Potions
 f - a potion of cancellation
 k - a potion of flight
Comestibles
 c - 5 rations {!d}


   Skills:
 + Level 3.2 Maces & Flails
 + Level 1.6 Armour
 + Level 3.5 Dodging
 - Level 2.0 Stealth
 + Level 2.7 Spellcasting


You had 7 spell levels left.
You knew the following spells:

 Your Spells              Type           Power        Failure   Level  Hunger
a - Magic Dart            Conj           ##..         4%          1    None
b - Throw Frost           Conj/Ice       ##....       8%          2    ##.....

Your spell library contained the following spells:

 Spells                   Type           Power        Failure   Level  Hunger
 Animate Skeleton         Necr           N/A          4%          1    None
 Searing Ray              Conj           ##....       7%          2    ##.....
 Iskenderun's Mystic Bla  Conj           ##......     13%         3    ###....
 Spectral Weapon          Hex/Chrm       ##......     16%         3    ###....
 Fulminant Prism          Conj/Hex       ##........   45%         4    ####...
 Irradiate                Conj/Tmut      ##........   82%         5    ######.


Dungeon Overview and Level Annotations

Branches:
Dungeon (5/12)
 Temple: D:4-7

Altars:
Ashenzari
Fedhas
Lugonu
Uskayaw
Vehumet

Shops:
D:5 *


Innate Abilities, Weirdness & Mutations

You learn spells by gaining experience, not through books or religion.
You only train spellcasting to practice magic.
You have sharp fingernails.
You have very sharp teeth.
You have a pair of small horns on your head.


Message History

A centaur comes into view.
Your surroundings suddenly seem different.
Found a scroll of identify.
A hippogriff comes into view.
The hippogriff screeches!
You hear a shout!
As you read the scroll of magic mapping, it crumbles to dust.
You feel aware of your surroundings.
You sensed 5 altars, and 1 shop/portal.
A centaur zombie comes into view.
An ogre comes into view. It is wielding a +0 giant club.
The ogre shouts!
You hear a howl!
As you read the scroll of teleportation, it crumbles to dust.
You feel strangely unstable.
A howler monkey comes into view.
The centaur zombie hits you.
The howler monkey hoots and howls with incredible vigour!
The centaur zombie hits you.
You hear a bark!
You hear an angry buzzing noise.
You hear a loud, deep croak!
You hear an angry buzzing noise.
The ogre hits you with a +0 giant club!
You die...

*,,,,,,........?#*
*,,,,,,.........###
,,,,,,,...........#
,,**,,,..........##
,,,,,,,.......##.##
,,,,,,,...h....#..#
,,,,,,,.........ZH#
,,,,,,,.........O.#
,,,,,,,........#@##
,,,,,,,,.......###
,,*,,,***,##..#*
,,**,** ***###*
,,**,* ,,,,,*
*,,,,* ,,*****
,,,,,,*


You could see a hippogriff, an ogre, a howler monkey and a centaur zombie.

Vanquished Creatures
  An ogre (D:4)
  A centaur (D:3)
  An orc priest (D:2)
  A worker ant (D:4)
  An adder (D:3)
  A worm (D:3)
  2 dart slugs
  4 leopard geckos
  4 orcs
  2 ball pythons
  10 bats
  2 giant cockroaches
  5 goblins
  5 hobgoblins
  6 jackals (D:3)
  14 kobolds
  3 quokkas (D:2)
  8 frilled lizards
  A jackal skeleton (D:3)
  6 rats
78 creatures vanquished.

Notes
Turn   | Place    | Note
-------+----------+-------------------------------------------
     0 | D:1      | KristoblXynda the Oni Conjurer began the quest for the Orb.
     0 | D:1      | Reached XP level 1. HP: 14/14 MP: 4/4
   314 | D:1      | Reached XP level 2. HP: 20/20 MP: 2/6
   923 | D:1      | Reached skill level 1 in Maces & Flails
   923 | D:1      | Reached XP level 3. HP: 26/26 MP: 0/7
  1539 | D:2      | Found a hide-covered altar of Uskayaw.
  2086 | D:2      | Found a radiant altar of Vehumet.
  2275 | D:2      | Reached XP level 4. HP: 33/33 MP: 4/9
  2279 | D:2      | Learned a level 2 spell: Throw Frost
  3315 | D:3      | Reached XP level 5. HP: 38/38 MP: 5/10
  3487 | D:3      | Found a blossoming altar of Fedhas.
  3505 | D:3      | Noticed a centaur
  3523 | D:3      | Killed a centaur
  3523 | D:3      | Reached skill level 1 in Armour
  3610 | D:3      | Found a corrupted altar of Lugonu.
  3665 | D:3      | Found a shattered altar of Ashenzari.
  4242 | D:4      | Noticed an ogre
  4273 | D:4      | Reached XP level 6. HP: 33/45 MP: 4/11
  4489 | D:5      | Entered Level 5 of the Dungeon
  4489 | D:5      | Found Fusown's General Store.
  4495 | D:5      | Noticed a hippogriff
  4503 | D:5      | Slain by an ogre

Skill      XL: |  1  2  3  4  5 |
---------------+----------------+-----
Stealth        | 2 |  2.0
Dodging        | 2 3 |  3.5
Maces & Flails | 1 2 3 |  3.2
Spellcasting   | 2 |  2.7
Armour         | 1 |  1.6

Action                   |  1- 3 |  4- 6 || total
-------------------------+-------+-------++-------
Melee: Whip              |    22 |    92 ||   114
       Bite              |     2 |     1 ||     3
       Headbutt          |     1 |     7 ||     8
 Cast: Magic Dart        |   113 |     5 ||   118
       Throw Frost       |       |    54 ||    54
  Use: Potion            |       |     3 ||     3
       Scroll            |       |     9 ||     9
  Eat: Chunk             |     6 |    11 ||    17
Armor: Animal skin       |     8 |     8 ||    16
Dodge: Dodged            |    33 |    74 ||   107
